 Dungeon Crawl Stone Soup version 0.32-a0-350-g4f4d228785 (webtiles) character file.

Game seed: 15661611987607610047

4333 pokeman the Thaumaturge (level 10, -4/56 HPs)
             Began as a Deep Elf Hedge Wizard on Feb 17, 2024.
             Killed by miscasting Freezing Cloud (14 damage)
             ... on level 9 of the Dungeon.
             The game lasted 00:25:03 (11676 turns).

pokeman the Thaumaturge (Deep Elf Hedge Wizard)    Turns: 11676, Time: 00:25:03

Health: -4/56      AC:  4    Str:  7    XL:     10   Next: 12%
Magic:  6/29       EV: 17    Int: 24    God:
Gold:   393        SH:  0    Dex: 14    Spells: 13/36 levels left

rFire   . . .        w - staff of conjuration
rCold   + . .        (no shield)
rNeg    . . .        q - +0 leather armour {rC+}
rPois   .            t - +0 helmet
rElec   .            (no cloak)
rCorr   .            (no gloves)
SInv    .            (no boots)
Will    +....        (no amulet)
Stlth   ++           n - +4 ring of slaying
HPRegen 0.29/turn    E - +5 ring of evasion
MPRegen 0.21/turn

%: no passive effects
@: slightly contaminated
A: no striking features
a: no special abilities


You were on level 9 of the Dungeon.
You visited 2 branches of the dungeon, and saw 10 of its levels.
You also visited: Sewer.

You collected 692 gold pieces.
You spent 299 gold pieces at shops.

Inventory:

Missiles
 A - 2 throwing nets
Armour
 l - a scarf of shadows
 q - a +0 leather armour of cold resistance (worn)
 t - a +0 helmet (worn)
 B - an orb of light
Magical Staves
 w - a staff of conjuration (weapon)
Jewellery
 n - a +4 ring of slaying (left hand)
 u - a ring of positive energy
 E - a +5 ring of evasion (right hand)
 F - a ring of see invisible
Scrolls
 a - a scroll of fear
 c - 3 scrolls of silence
 e - a scroll of amnesia
 g - 3 scrolls of enchant armour
 i - 3 scrolls of enchant weapon
 p - a scroll of torment
 r - 3 scrolls of fog
 x - 4 scrolls of teleportation
 y - 4 scrolls of blinking
 C - a scroll of noise
Potions
 b - a potion of resistance
 d - a potion of magic
 f - 4 potions of might
 h - 3 potions of mutation
 j - 6 potions of curing
 k - 3 potions of ambrosia {unknown}
 m - 2 potions of haste {unknown}
 o - 3 potions of heal wounds
 s - 2 potions of enlightenment {unknown}
 v - a potion of lignification {unknown}
 z - a potion of cancellation {unknown}
 D - a potion of brilliance {unknown}


   Skills:
 + Level 3.9 Fighting
 - Level 4.0 Armour
 - Level 3.0 Dodging
 - Level 3.0 Stealth
 * Level 13.7 Spellcasting
 + Level 7.9 Conjurations
 - Level 1.2 Hexes
 - Level 1.1 Summonings
 - Level 1.1 Translocations
 + Level 0.0 Ice Magic
 - Level 1.0 Air Magic
 - Level 1.3 Alchemy
 - Level 1.1 Evocations


You had 13 spell levels left.
You knew the following spells:

 Your Spells              Type           Power      Damage    Failure   Level
a - Magic Dart            Conj           100%       1d8       1%          1
b - Mephitic Cloud        Conj/Alch/Air  49%        N/A       3%          3
c - Call Imp              Summ           42%        N/A       4%          2
d - Blink                 Tloc           42%        N/A       4%          2
e - Stone Arrow           Conj/Erth      100%       3d13      3%          3
f - Freezing Cloud        Conj/Ice/Air   23%        6-21      38%         5
g - Iskenderun's Mystic   Conj/Tloc      55%        2d12      9%          4
h - Tukima's Dance        Hex            22%        N/A       10%         3

Your spell library contained the following spells:

 Spells                   Type           Power      Damage    Failure   Level
 Dazzling Flash           Conj/Hex       100%       N/A       2%          3
 Slow                     Hex            88%        N/A       3%          1
 Summon Small Mammal      Summ           84%        N/A       3%          1
 Hailstorm                Conj/Ice       52%        3d10      3%          3
 Freeze                   Ice            64%        1d7       4%          1
 Sandblast                Erth           32%        2d9       5%          1
 Cigotuvi's Dreadful Rot  Necr/Alch/Air  40%        N/A       6%          2
 Fulminant Prism          Conj/Alch      27%        3d14      8%          4
 Call Canine Familiar     Summ           21%        N/A       10%         3
 Brom's Barrelling Bould  Conj/Erth      52%        2d7       11%         4
 Summon Ice Beast         Ice/Summ       19%        N/A       12%         3
 Volatile Blastmotes      Fire/Tloc      38%        2d13      13%         3
 Frozen Ramparts          Ice            32%        1d5       16%         3
 Fugue of the Fallen      Necr           16%        N/A       16%         3
 Ozocubu's Armour         Ice            16%        N/A       16%         3
 Passwall                 Erth           16%        N/A       16%         3
 Dimensional Bullseye     Hex/Tloc       11%        N/A       32%         4
 Manifold Assault         Tloc           21%        N/A       32%         4
 Summon Lightning Spire   Summ/Air       21%        N/A       32%         4
 Summon Blazeheart Golem  Fire/Summ      19%        N/A       38%         4
 Silence                  Hex/Air        10%        N/A       67%         5
 Curse of Agony           Necr           16%        N/A       82%         5


Dungeon Overview and Level Annotations

Branches:
Dungeon (9/15)             Temple (1/1) D:6           Sewer (visited)
   Lair: D:8-11         Orc: D:9-12

Altars:
Ashenzari
Dithmenos
Elyvilon
Fedhas
Gozag
Hepliaklqana
Kikubaaqudgha
Makhleb
Okawaru
Ru
Sif Muna
Trog
Uskayaw
Wu Jian
Xom
Yredelemnul
Zin
The Shining One

Shops:
D:5 **


Message History

Unknown command.
The orc warrior closely misses the kobold brigand.
The orc warrior hits itself.
Unknown command.
Casting: Call Imp (safe; 4% risk of failure)
Confirm with . or Enter, or press ? or * to list all spells.
Aiming: Freezing Cloud (quite dangerous; 38% risk of failure)
Press: ? - help, Dir - move target, f - kobold brigand
Aim: a kobold brigand, wielding a +0 club and quivering curare-tipped darts (almost dead, confused)
You feel a surge of power!
You miscast Freezing Cloud.
You are very lightly contaminated with residual magic.
Nothing appears to happen.
The kobold brigand chortles and stares into space.
The centaur is engulfed in noxious fumes.
The centaur appears confused.
The centaur hits itself.
The centaur kicks itself.
Unknown command.
Casting: Freezing Cloud (quite dangerous; 38% risk of failure)
Confirm with . or Enter, or press ? or * to list all spells.
Aiming: Freezing Cloud (quite dangerous; 38% risk of failure)
Press: ? - help, Dir - move target, f - water moccasin, p - kobold brigand
Aim: a water moccasin (lightly wounded)
You feel a surge of power!
You miscast Freezing Cloud.
You are caught in an explosion of electrical discharges!
* * * LOW HITPOINT WARNING * * *
The centaur is engulfed in noxious fumes.
The centaur appears confused.
The centaur hits the kobold brigand.
The centaur barely misses the kobold brigand.
The centaur is engulfed in noxious fumes.
Unknown command.
Casting: Freezing Cloud (quite dangerous; 38% risk of failure)
Confirm with . or Enter, or press ? or * to list all spells.
Aiming: Freezing Cloud (quite dangerous; 38% risk of failure)
Press: ? - help, Dir - move target, f/p - water moccasin
Aim: a water moccasin (lightly wounded)
You feel a surge of power!
You miscast Freezing Cloud.
You are lightly contaminated with residual magic.
You are caught in a violent explosion!
You die...

#y.##
#....
##.c#
#....
##.##
#####
#.K## ###
##..## #.#
##S.## #.#
#######
##..# #.#
#.....#
##.#####.#
#.###.#
#.@.....#
#.#.#.#
######[##
#.#.#.#
#.#
#.#.#..
#.#
#.#.###
#.#
#...#..
#.#
###.###
#.#
#......
#.#
######.
#.# #.


You could see a water moccasin, a kobold brigand (confused) and a centaur
(confused).

Vanquished Creatures
  A dancing weapon (D:8)
  A shadow (D:9)
  Grum (D:8)
  A wraith (D:9)
  Menkaure (D:5)
  A water moccasin (D:7)
  3 orc warriors
  2 black bears
  A sky beast (D:6)
  3 ogres
  4 centaurs
  2 wolves (D:8)
  2 phantoms
  A gnoll sergeant (D:9)
  4 bullfrogs
  3 scorpions
  A burial acolyte (D:5)
  2 wights (D:7)
  3 bombardier beetles
  4 hounds
  A gnoll bouda (D:6)
  3 orc priests (D:9)
  A sleepcap (D:7)
  An iguana (D:4)
  6 orc wizards
  A hound zombie (D:5)
  11 gnolls
  9 adders
  2 river rats (Sewer)
  5 shadow imps
  6 white imps
  An ufetubus (D:5)
  2 adder zombies (D:5)
  A ribbon worm (D:5)
  2 dart slugs
  24 orcs
  3 endoplasms (D:1)
  4 giant cockroaches
  3 gnoll zombies (D:5)
  3 goblins
  7 hobgoblins
  8 jackals
  5 kobolds
  19 ball pythons
  4 bats
  6 frilled lizards
  A kobold zombie (D:5)
  19 rats
199 creatures vanquished.

Vanquished Creatures (collateral kills)
  Edmund (D:4)
  6 wights (D:7)
  A bombardier beetle (D:4)
  A giant cockroach (D:4)
  3 rats (D:4)
12 creatures vanquished.

Vanquished Creatures (others)
  4 dancing weapons
4 creatures vanquished.

Grand Total: 215 creatures vanquished

Notes
Turn   | Place    | Note
-------+----------+-------------------------------------------
     0 | D:1      | pokeman the Deep Elf Hedge Wizard began the quest for the
                  | Orb.
     0 | D:1      | Reached XP level 1. HP: 10/10 MP: 7/7
   106 | D:1      | Reached XP level 2. HP: 16/16 MP: 2/9
   702 | D:1      | Reached skill level 5 in Spellcasting
   855 | D:1      | Reached XP level 3. HP: 20/20 MP: 9/11
   859 | D:1      | Learned a level 3 spell: Mephitic Cloud
   862 | D:1      | Learned a level 2 spell: Call Imp
   865 | D:1      | Learned a level 2 spell: Blink
  1641 | D:2      | Reached skill level 1 in Armour
  1776 | D:2      | Reached skill level 1 in Fighting
  2151 | D:2      | Found a faded altar of an unknown god.
  2402 | D:2      | Reached XP level 4. HP: 25/25 MP: 3/13
  3316 | D:3      | Reached skill level 6 in Spellcasting
  3316 | D:3      | Reached XP level 5. HP: 29/29 MP: 6/15
  3889 | D:4      | Reached skill level 1 in Air Magic
  3923 | D:4      | Noticed a phantom
  3932 | D:4      | Killed a phantom
  3933 | D:4      | Reached skill level 1 in Alchemy
  3933 | D:4      | Reached XP level 6. HP: 27/34 MP: 0/17
  4038 | D:4      | Noticed Edmund
  4068 | D:4      | Found a glowing drain.
  4078 | Sewer    | Entered a sewer
  4318 | Sewer    | Reached skill level 7 in Spellcasting
  4624 | Sewer    | Reached skill level 1 in Evocations
  4624 | Sewer    | Reached XP level 7. HP: 39/39 MP: 4/20
  4752 | D:4      | Learned a level 3 spell: Tukima's Dance
  4757 | D:4      | Learned a level 4 spell: Iskenderun's Mystic Blast
  4764 | D:4      | Killed Edmund
  4765 | D:4      | Reached skill level 8 in Spellcasting
  4765 | D:4      | Reached skill level 1 in Hexes
  5565 | D:5      | Entered Level 5 of the Dungeon
  5656 | D:5      | Reached skill level 9 in Spellcasting
  5799 | D:5      | Reached XP level 8. HP: 38/45 MP: 18/23
  5936 | D:5      | Found a glowing silver altar of Zin.
  6099 | D:5      | Reached skill level 5 in Conjurations
  6167 | D:5      | Reached skill level 10 in Spellcasting
  6627 | D:5      | Found an ancient bone altar of Kikubaaqudgha.
  6900 | D:5      | Noticed Menkaure
  6910 | D:5      | Killed Menkaure
  6958 | D:5      | Found Gezufaeru's General Store.
  6958 | D:5      | Found Dofyuseaby's Specific Store.
  6968 | D:5      | Bought 2 scrolls of blinking for 195 gold pieces
  6968 | D:5      | Bought a potion of heal wounds for 65 gold pieces
  6968 | D:5      | Bought a scroll of identify for 26 gold pieces
  6968 | D:5      | Bought a potion of degeneration for 13 gold pieces
  7529 | D:6      | Reached skill level 11 in Spellcasting
  7796 | D:6      | Found a staircase to the Ecumenical Temple.
  7799 | D:6      | Reached XP level 9. HP: 50/50 MP: 23/26
  7807 | Temple   | Entered the Ecumenical Temple
  8367 | D:7      | Found a hazy altar of Hepliaklqana.
  8891 | D:7      | Reached skill level 12 in Spellcasting
  9510 | D:8      | Found a shimmering blue altar of Sif Muna.
  9577 | D:8      | Noticed Grum
  9614 | D:8      | Killed Grum
  9779 | D:8      | Noticed a skeletal warrior
  9779 | D:8      | Noticed a skeletal warrior
  9974 | D:8      | Reached skill level 13 in Spellcasting
 10462 | D:8      | Noticed a skeletal warrior
 10886 | D:9      | Reached XP level 10. HP: 56/56 MP: 20/29
 11336 | D:9      | Got Liys's Folio of Freezing and the Familiar
 11343 | D:9      | Learned a level 5 spell: Freezing Cloud
 11521 | D:9      | Learned a level 3 spell: Stone Arrow
 11676 | D:9      | Killed by miscasting Freezing Cloud

Illustrated notes

Levels and vault maps discovered:
D:1:      roderic_octagonal_star, layout_basic, dreamdust_princess_corridor,
          chequers_serial_rivers_micro_c
D:2:      layout_loops_ring, shapermc_ecumenical_altar_mp_vishouse
D:3:      wad_crossroads, layout_loops_corners
D:4:      layout_gridville, portal_sewer_entry_b, st_stairs_3, uniq_edmund
D:5:      layout_basic, regret_index_kikubaaqudgha_part_by_part,
          mainiacjoe_overflow_paths, serial_demonic, serial_demonic_f,
          serial_demonic_a, serial_demonic_b, serial_demonic_d,
          nicolae_specific_store, kennysheep_donut, uniq_menkaure
D:6:      layout_rooms, minmay_temple_entry_grid, kennysheep_generic_room_13
D:7:      layout_layer_cave, worldfamousw_hep_ancestral_shrine
D:8:      layout_gridville, hellmonk_sif_muna_bookshelves,
          serial_bayou_crossing, uniq_grum
D:9:      layout_roguey, kennysheep_kite_vault
Temple:   eino_temple_lava

Skill      XL: |  1  2  3  4  5  6  7  8  9 |
---------------+----------------------------+-----
Spellcasting   | 5 6 7 9 11 13 | 13.7
Armour         | 1 3 4 |  4.0
Conjurations   | 2 3 4 6 7 |  7.9
Fighting       | 1 2 3 |  3.9
Stealth        | 3 |  3.0
Dodging        | 3 |  3.0
Air Magic      | 1 |  1.0
Alchemy        | 1 |  1.3
Evocations     | 1 |  1.1
Hexes          | 1 |  1.2
Summonings     | |  1.1
Translocations | |  1.1

Action                     |  1- 3 |  4- 6 |  7- 9 | 10-12 || total
---------------------------+-------+-------+-------+-------++-------
  Melee: Dagger            |     1 |    18 |       |       ||    19
         Staff             |       |       |    63 |    12 ||    75
   Cast: Magic Dart        |    87 |   126 |   334 |    35 ||   582
         Mephitic Cloud    |       |     4 |    20 |     2 ||    26
         Call Imp          |       |     3 |     2 |     1 ||     6
         Tukima's Dance    |       |       |    26 |     3 ||    29
         Iskenderun's Myst |       |       |    24 |     3 ||    27
         Blink             |       |       |     1 |       ||     1
    Use: Scroll            |       |       |     9 |     4 ||    13
   Stab: Sleeping          |     1 |     1 |       |       ||     2
         Confused          |       |     3 |     9 |       ||    12
 Armour: Robe              |     2 |       |       |       ||     2
         Leather armour    |     1 |    33 |    96 |    13 ||   143
  Dodge: Dodged            |     8 |    26 |   124 |    18 ||   176

Table legend: (Time is in decaauts)
 A = Elapsed time spent in this place.
 B = Non-inter-level travel time spent in this place.
 C = Inter-level travel time spent in this place.
 D = Time resting spent in this place.
 E = Time spent auto-exploring this place.
 F = Levels seen in this place.
 G = Mean time per level.
                   A        B        C        D        E       F      G
               +--------+--------+--------+--------+--------+-----+--------+
         Total |  11738 |  11401 |    337 |    275 |   9561 |  11 | 1067.1 |
       Dungeon |  11039 |  10702 |    337 |    275 |   8964 |   9 | 1226.6 |
        Temple |      1 |      1 |      0 |      0 |      0 |   1 |    1.0 |
         Sewer |    697 |    697 |      0 |      0 |    597 |   1 |  697.0 |
               +--------+--------+--------+--------+--------+-----+--------+

Top non-repeatable levels by time:
     D:7: 1987 daAuts
     D:1: 1582 daAuts
     D:5: 1559 daAuts
     D:3: 1349 daAuts
     D:9: 1215 daAuts
     D:4: 1039 daAuts
     D:2: 936 daAuts
     D:6: 825 daAuts
   Sewer: 697 daAuts
     D:8: 543 daAuts
  Temple: 1 daAuts
